 Dungeon Crawl Stone Soup version 0.30.0-29-ga12c61a403 (webtiles) character file.

Game seed: 3293424244442781238

2033 Descartes the Blocker (level 9, 0/64 HPs)
             Began as a Formicid Fighter on June 25, 2023.
             Was an Initiate of Gozag.
             Succumbed to a killer bee's poison
             ... on level 8 of the Dungeon.
             The game lasted 00:09:17 (6790 turns).

Descartes the Blocker (Formicid Fighter)            Turns: 6790, Time: 00:09:18

Health: 0/64       AC:  7    Str: 26    XL:     9   Next: 47%
Magic:  9/9        EV:  9    Int:  7    God:    Gozag
Gold:   310        SH:  6    Dex: 13    Spells: 8/8 levels left

rFire   . . .        m - +2 war axe (drain)
rCold   + . .        c - +0 buckler
rNeg    + . .        b - +0 scale mail
rPois   .            (helmet unavailable)
rElec   .            (no cloak)
rCorr   .            (no gloves)
SInv    +            (no boots)
Will    .....        I - amulet of magic regeneration Stlth
                     v - ring of positive energy
HPRegen 0.30/turn    B - ring of protection from cold
MPRegen 0.51/turn

%: no passive effects
@: mighty, lethally poisoned (0 -> -1)
A: permanent stasis, dig shafts and tunnels, antennae 3, four strong arms
a: Dig, Shaft Self, Renounce Religion, Potion Petition, Call Merchant, Bribe
Branch


You were on level 8 of the Dungeon.
You worshipped Gozag.
Gozag was aware of your devotion.
You visited 2 branches of the dungeon, and saw 9 of its levels.

You collected 489 gold pieces.
You spent 91 gold pieces at shops.
You paid 88 gold pieces to Gozag.

Inventory:

Hand Weapons
 a - a +0 war axe
 m - a +2 war axe of draining (weapon)
 n - a +2 mace of holy wrath
 H - a +1 war axe of freezing
Missiles
 l - 20 poisoned darts
 t - 4 boomerangs
 x - a throwing net
 J - 4 datura-tipped darts
Armour
 b - a +0 scale mail (worn)
 c - a +0 buckler (worn)
Jewellery
 v - a ring of positive energy (left hand)
 B - a ring of protection from cold (right hand)
 I - an amulet of magic regeneration (around neck)
Wands
 z - a wand of digging (2)
Scrolls
 e - 3 scrolls of magic mapping
 g - 4 scrolls of teleportation
 i - 3 scrolls of blinking
 k - a scroll of fog
 r - 2 scrolls of amnesia
 y - a scroll of poison {unknown}
 A - 4 scrolls of noise
 D - 2 scrolls of fear {unknown}
 E - a scroll of vulnerability {unknown}
 F - a scroll of immolation {unknown}
 G - a scroll of enchant armour {unknown}
Potions
 d - a potion of might
 f - 2 potions of invisibility {unknown}
 j - a potion of heal wounds
 o - 4 potions of curing
 p - 3 potions of attraction {unknown}
 q - 2 potions of cancellation {unknown}
 s - a potion of lignification {unknown}
 u - 4 potions of haste {unknown}
 w - a potion of mutation {unknown}
 C - a potion of flight {unknown}


   Skills:
 - Level 3.2 Fighting
 + Level 5.6 Axes
 + Level 6.6 Armour
 + Level 8.0 Shields
 + Level 4.6 Translocations
 + Level 6.1 Earth Magic


You had 8 spell levels left.
You didn't know any spells.
Your spell library contained the following spells:

 Spells                   Type           Power      Damage    Failure   Level
 Alistair's Intoxication  Tmut/Pois      0%         N/A       100%        5
 Borgnjor's Vile Clutch   Necr/Erth      2%         N/A       100%        5
 Eringya's Noxious Bog    Tmut/Pois      0%         N/A       100%        6


Dungeon Overview and Level Annotations

Branches:
Dungeon (8/15)             Temple (1/1) D:6
   Lair: D:8-11

Altars:
Ashenzari
Cheibriados
Dithmenos
Elyvilon
Fedhas
Gozag
Hepliaklqana
Kikubaaqudgha
Makhleb
Nemelex Xobeh
Okawaru
Qazlal
Ru
Sif Muna
Trog
Uskayaw
Vehumet
Wu Jian
Xom
Yredelemnul
Zin
The Shining One

Shops:
D:4 =   D:5 **(


Innate Abilities, Weirdness & Mutations

You cannot be hasted, slowed, berserked, paralysed or teleported.
You can dig through walls and to a lower floor.
You have a pair of large antennae on your head. (SInv)
Your four strong arms can wield two-handed weapons with a shield.


Message History

You kill the killer bee!
You feel sick. The killer bee stings you.
An orc comes into view. It is wielding a +2 mace of draining.
The orc priest calls down the wrath of Beogh upon you.
Beogh smites you!
* * * LOW HITPOINT WARNING * * *
The killer bee barely misses you.
The orc moves out of view.
Your Shields skill increases to level 8!
You feel much better.
You feel sick. The killer bee completely misses you. The killer bee stings you!
You are more poisoned.
The killer bee poisons you!
An orc priest comes into view. It is wielding a +0 club.
The orc is distracted by your dazzling golden aura.
You feel sick. The killer bee barely misses you.
The killer bee attacks as you move away!
The killer bee stings you.
* * * LOW HITPOINT WARNING * * *
You feel sick. You block the killer bee's attack.
The killer bee attacks as you move away!
The killer bee stings you but does no damage.
You feel sick.
The orc wizard gestures wildly while chanting.
The orc wizard flickers and vanishes for a moment.
The killer bee stings you but does no damage.
You hear a shout! x2
You feel sick.
You hear an angry hiss.
The killer bee stings you but does no damage.
The killer bee attacks as you move away!
The killer bee stings you.
* * * LOW HITPOINT WARNING * * *
You feel sick. The killer bee stings you.
* * * LOW HITPOINT WARNING * * *
The killer bee stings you but does no damage.
The killer bee attacks as you move away!
The killer bee stings you.
* * * LOW HITPOINT WARNING * * *
You die...
Your body crumbles into a pile of gold.

### #### ... ....
..##... #.#..#
#...#
####..######
#{{..##y.@<#
....o.{##..yy...#
.....{o ###.....#
......{.........#
.......#####....#
....... #>...#
.o..... #....#
......# #....#
#....#


You could see 3 killer bees.

Vanquished Creatures
  4 ice beasts
  A black bear (D:4)
  A sky beast (D:8)
  An ogre (D:4)
  The ghost of LaMa the Chiller, an amateur DrIE (D:4)
  4 centaurs
  A kobold brigand (D:7)
  Blork the orc (D:4)
  2 scorpions (D:5)
  A necrophage (D:4)
  2 killer bees (D:8)
  A howler monkey (D:5)
  A bullfrog zombie (D:4)
  2 hounds
  2 bullfrog skeletons (D:4)
  Ijyb (D:4)
  A sleepcap (D:6)
  6 iguanas
  An orc wizard (D:5)
  Robin (D:2)
  3 adders
  2 white imps (D:7)
  2 ufetubi
  3 worms (D:4)
  11 orcs
  9 ball pythons
  8 endoplasms
  15 goblins
  5 hobgoblins
  9 jackals
  7 bats
  A frilled lizard (D:2)
  9 kobolds
  4 rats
123 creatures vanquished.

Notes
Turn   | Place    | Note
-------+----------+-------------------------------------------
     0 | D:1      | Descartes the Formicid Fighter began the quest for the Orb.
     0 | D:1      | Reached XP level 1. HP: 18/18 MP: 1/1
   189 | D:1      | Reached XP level 2. HP: 24/24 MP: 2/2
   649 | D:2      | Reached skill level 1 in Earth Magic
   665 | D:2      | Reached XP level 3. HP: 17/29 MP: 3/3
   883 | D:2      | Reached skill level 1 in Translocations
  1082 | D:2      | Reached XP level 4. HP: 35/35 MP: 4/4
  1152 | D:2      | Noticed Robin
  1157 | D:2      | Killed Robin
  2007 | D:4      | Found a transporter.
  2082 | D:4      | Found Dehud's One-of-a-Kind Rings.
  2107 | D:4      | Reached XP level 5. HP: 37/41 MP: 5/5
  2134 | D:4      | Noticed Ijyb
  2141 | D:4      | Killed Ijyb
  2180 | D:4      | Noticed an ogre
  2189 | D:4      | Killed an ogre
  2190 | D:4      | Reached skill level 5 in Shields
  2190 | D:4      | Reached XP level 6. HP: 44/47 MP: 6/6
  2265 | D:4      | Noticed a black bear
  2272 | D:4      | Killed a black bear
  2407 | D:4      | Noticed Blork the orc
  2415 | D:4      | Killed Blork the orc
  2416 | D:4      | Reached XP level 7. HP: 46/52 MP: 2/7
  2568 | D:4      | Found a transporter.
  2569 | D:4      | Noticed LaMa's ghost (amateur DrIE)
  2861 | D:4      | Killed LaMa's ghost
  3017 | D:4      | Reached skill level 5 in Armour
  3017 | D:4      | Reached skill level 6 in Shields
  3068 | D:5      | Entered Level 5 of the Dungeon
  3262 | D:5      | Reached XP level 8. HP: 58/58 MP: 8/8
  3349 | D:5      | Found a shadowy altar of Dithmenos.
  3771 | D:5      | Found a blossoming altar of Fedhas.
  3789 | D:5      | Found an iron altar of Okawaru.
  3803 | D:5      | Found a sacrificial altar of Ru.
  4033 | D:5      | Found Eloimef's Assorted Antiques.
  4033 | D:5      | Found Jiumujeiz's Weapon Emporium.
  4036 | D:5      | Found Fubbo's General Store.
  4496 | D:6      | Found a staircase to the Ecumenical Temple.
  4502 | D:6      | Reached skill level 7 in Shields
  4502 | D:6      | Reached skill level 5 in Earth Magic
  4506 | Temple   | Entered the Ecumenical Temple
  4712 | Temple   | Became a worshipper of Gozag Ym Sagoz the Greedy
  5417 | D:7      | Reached skill level 5 in Axes
  5574 | D:7      | Reached XP level 9. HP: 23/64 MP: 9/9
  6115 | D:7      | Found a burning altar of Makhleb.
  6678 | D:5      | Bought a scroll labelled HOLARGHUODYST for 19 gold pieces
  6678 | D:5      | Bought a black potion for 17 gold pieces
  6678 | D:5      | Bought a dark potion for 17 gold pieces
  6678 | D:5      | Bought a scroll labelled CURIDWU QIOTT for 19 gold pieces
  6678 | D:5      | Bought a scroll labelled OPTAXT OTHEM for 19 gold pieces
  6784 | D:8      | Reached skill level 8 in Shields
  6790 | D:8      | HP: 1/64 [killer bee (3)]
  6790 | D:8      | Succumbed to a killer bee's poison

Illustrated notes

Levels and vault maps discovered:
D:1:      minmay_arrival_diagonal_passages, layout_basic
D:2:      layout_rooms, minmay_misc_feat_x, uniq_robin
D:3:      layout_basic
D:4:      layout_loops_ring, gammafunk_ghost_mausoleum,
          nicolae_shop_unique_rings, reono_crystal_passage, uniq_blork_the_orc,
          uniq_ijyb
D:5:      layout_loops_corners, nicolae_overflow_quartered_altars,
          kennysheep_pointless_box, nicolae_shop_distant_corner_stores
D:6:      layout_layer_cave, minmay_temple_entry_junction
D:7:      layout_basic, mainiacjoe_overflow_alcove_2
D:8:      layout_rooms, special_room [special_room_orc], minivault_21,
          kennysheep_generic_room_3, uniq_maurice, uniq_erica
Temple:   bh_familiar_temple

Skill      XL: |  1  2  3  4  5  6  7  8  9 |
---------------+----------------------------+-----
Earth Magic    | 1 2 3 4 5 6 |  6.1
Translocations | 1 2 3 4 |  4.6
Armour         | 4 5 6 |  6.6
Axes           | 3 4 5 |  5.6
Shields        | 5 6 7 8 |  8.0
Fighting       | |  3.2

Action                     |  1- 3 |  4- 6 |  7- 9 || total
---------------------------+-------+-------+-------++-------
  Melee: War axe           |    67 |    83 |   182 ||   332
    Use: Potion            |       |       |     3 ||     3
         Scroll            |       |       |     7 ||     7
 Armour: Scale mail        |    36 |    37 |   110 ||   183
  Dodge: Dodged            |    36 |    46 |   102 ||   184
  Block: Buckler           |    20 |    26 |    70 ||   116
